 Dungeon Crawl Stone Soup version 0.17.2-1-ge4368a0 (webtiles) character file.

6 ololoev the Chopper (level 1, 0/16 HPs)
             Began as a Demonspawn Gladiator on July 25, 2016.
             Slain by a kobold
             ... wielding a +2 dagger of draining
              (1 damage)
             ... on level 2 of the Dungeon.
             The game lasted 00:00:42 (115 turns).

ololoev the Chopper (Demonspawn Gladiator)           Turns: 115, Time: 00:00:42

Health: 0/16       AC:  7    Str: 15    XL:     1   Next: 75%
Magic:  1/1        EV: 10    Int:  9    God:
Gold:   29         SH:  0    Dex: 13    Spells: 0 memorised, 0 levels left

rFire  . . .     SeeInvis .     a - +0 war axe
rCold  . . .     Clarity  .     f - +0 scale mail (curse)
rNeg   . . .     SustAt   .     (no shield)
rPois  .         Gourm    .     c - +0 helmet
rElec  .         Spirit   .     (no cloak)
rCorr  .         Warding  .     (no gloves)
rMut   .         Stasis   .     (no boots)
MR     .....                    (no amulet)
Stlth  ..........               (no ring)
                                (no ring)

@: drained, not resistant to hostile enchantments, extremely unstealthy
A: no striking features
a: no special abilities

Inventory:

Hand Weapons
 a - a +0 war axe (weapon)
Missiles
 d - 3 throwing nets (quivered)
Armour
 c - a +0 helmet (worn)
 f - a cursed +0 scale mail (worn)
Comestibles
 e - a bread ration


   Skills:
 - Level 2.0(1.3) Fighting
 * Level 2.9(2.2) Axes
 + Level 2.0(1.3) Throwing
 + Level 0.3(0.0) Armour
 - Level 2.6(2.0) Dodging


You couldn't memorise any spells.
You didn't know any spells.


You were on level 2 of the Dungeon.
You were not hungry.

You visited 1 branch of the dungeon, and saw 3 of its levels.

You collected 29 gold pieces.

. .. # ..# # # #
.!..# ##. .# # #.
#.###.# ..# # #
#.. #.#..##..#.# #
#..##..#..(..... #
#...........?# #
#.......@K..##. #
###<..............
#.####
.......>.##..###..
#.... ###......#
..# #.####
##...#.# ..#
##.##.# ..# #. #.#
..# #.#### #. #.#
... ...... . #.#
######

Notes
Turn   | Place    | Note
--------------------------------------------------------------
     0 | D:1      | ololoev the Demonspawn Gladiator began the quest for the Orb.
     0 | D:1      | Reached XP level 1. HP: 16/16 MP: 1/1
   115 | D:2      | Slain by a kobold

Dungeon Overview and Level Annotations

Branches:
Dungeon (3/15)

Altars:


Message History

You see here 16 gold pieces.
You hit the ball python.
The ball python is heavily wounded.
The ball python bites you but does no damage.
The ball python closely misses you. The ball python barely misses you.
The ball python barely misses you.
You closely miss the ball python.
The ball python is moderately wounded.
The ball python misses you. The ball python grabs you.
The ball python constricts you.
You hit the ball python but do no damage.
The ball python is moderately wounded.
The ball python bites you but does no damage.
The ball python constricts you. The ball python bites you.
The ball python constricts you.
You hit the ball python.
The ball python is heavily wounded.
The ball python bites you but does no damage.
The ball python constricts you. The ball python bites you.
The ball python constricts you.
You slash the ball python!
You kill the ball python!
You see here a ball python corpse.
You now have 29 gold pieces (gained 16).
You open the door.
Found a stone staircase leading up.
There is an open door here.
There is a stone staircase leading up here.
You climb upwards.
The kobold shouts!
The kobold throws a stone.
The stone hits you but does no damage.
Found four items.
Found an escape hatch in the ceiling.
There is a stone staircase leading down here.
The kobold hits you but does no damage.
You feel drained.
You see here a slice of pizza.
You closely miss the kobold. The kobold hits you but does no damage.
You feel drained.
The kobold hits you with a dagger of draining.
You feel drained.
You die...

You could see a kobold.

Vanquished Creatures
  A ball python (D:3)
  A hobgoblin (D:1)
  A goblin (D:2)
  2 kobolds
  A rat (D:1)
6 creatures vanquished.

Action                   || total
-------------------------++-------
Melee: War axe           ||    19

Vault maps used:
D:1:      ldierk_water_garden, hangedman_abyss_or_decor_lesser_grid
D:2:      kennysheep_goblin_castle, nicolae_overflow_quartered_altars,
          first_bread, minmay_lizard_king
D:3:      lemuel_doored_altar, tso_oasis_becter, uniq_crazy_yiuf_cottage,
          uniq_robin
